 Dungeon Crawl Stone Soup version 0.24-a0-535-gbb0d440638 (webtiles) character file.

Game seed: 15258846615199204376

43 Dumdum the Magician (level 3, -5/19 HPs)
             Began as a Deep Elf Wizard on Aug 9, 2019.
             Slain by a gnoll
             ... wielding a +2 halberd of protection
              (9 damage)
             ... on level 2 of the Dungeon.
             The game lasted 00:06:54 (2363 turns).

Dumdum the Magician (Deep Elf Wizard)               Turns: 2363, Time: 00:06:55

Health: -5/19      AC:  3    Str:  4    XL:     3   Next: 37%
Magic:  1/12       EV: 13    Int: 23    God:
Gold:   52         SH:  0    Dex: 13    Spells: 5/13 levels left

rFire    . . .     SeeInvis .   (no weapon)
rCold    . . .     Gourm    .   (no shield)
rNeg     . . .     Faith    .   a - +0 robe
rPois    .         Spirit   .   b - +1 hat
rElec    .         Reflect  .   (no cloak)
rCorr    .         Harm     .   (no gloves)
MR       .....                  (no boots)
Stlth    ++........             (no amulet)
HPRegen  0.06/turn              (no ring)
MPRegen  0.13/turn              (no ring)

@: no status effects
A: no striking features
a: no special abilities


You were on level 2 of the Dungeon.
You were not hungry.

You visited 1 branch of the dungeon, and saw 2 of its levels.

You collected 52 gold pieces.

Inventory:

Armour
 a - a +0 robe (worn)
 b - a +1 hat (worn)
Jewellery
 h - an uncursed amulet of rage {unknown}
Scrolls
 e - a scroll of blinking {unknown}
 i - 2 scrolls of enchant armour
 j - 2 scrolls of remove curse {unknown}
Potions
 c - a potion of flight {unknown}
 f - 2 potions of curing {unknown}
 g - 2 potions of brilliance {unknown}
 l - 2 potions of heal wounds {unknown}
Comestibles
 d - 4 rations
 k - 3 chunks of flesh


   Skills:
 + Level 2.6 Dodging
 + Level 2.7 Stealth
 + Level 5.5 Spellcasting
 + Level 1.6 Conjurations
 + Level 1.5 Summonings
 + Level 1.1 Translocations


You had 5 spell levels left.
You knew the following spells:

 Your Spells              Type           Power        Failure   Level  Hunger
a - Magic Dart            Conj           ##..         4%          1    None
b - Call Imp              Summ           ##......     7%          2    None
c - Blink                 Tloc           N/A          9%          2    None
d - Mephitic Cloud        Conj/Pois/Air  #.......     22%         3    ##.....

Your spell library contained the following spells:

 Spells                   Type           Power        Failure   Level  Hunger
 Slow                     Hex            #.......     14%         2    None
 Conjure Flame            Conj/Fire      ##......     19%         3    ##.....


Dungeon Overview and Level Annotations

Branches:
Dungeon (2/15)

Altars:

Annotations:
D:2 1 runed translucent door, Crazy Yiuf


Message History

The gnoll is almost dead.
The gnoll hits you from afar with a +2 halberd of protection.
* * * LOW HITPOINT WARNING * * *
Casting: Magic Dart (safe; 4% risk of failure)
Confirm with . or Enter, or press ? or * to list all spells.
Aiming: Magic Dart (safe; 4% risk of failure)
Press: ? - help, Shift-Dir - straight line, f/p - gnoll
Aim: a gnoll, wielding a +2 halberd of protection (almost dead)
The magic dart hits the gnoll.
The gnoll is almost dead.
The gnoll misses you.
Casting: Magic Dart (safe; 4% risk of failure)
Confirm with . or Enter, or press ? or * to list all spells.
Aiming: Magic Dart (safe; 4% risk of failure)
Press: ? - help, Shift-Dir - straight line, f/p - gnoll
Aim: a gnoll, wielding a +2 halberd of protection (almost dead)
The magic dart hits the gnoll but does no damage.
The gnoll is almost dead.
The gnoll hits you from afar with a +2 halberd of protection!
You die...

##########.# .....# #.#
####.#####.#### #
#...........###### #
#...........##...## #
#.######.#..#.....###########
#
#.######.#..#...............#
#
#.#.........#...g.#########.#
###.#.####.<..##@..## ###.###
....#.####........#####
#..g..#
......................#
#.#.###
......######.########.#
#.#.### ###.### #.# #.#
#.#.... #.# #.# #.# #.#....
#.# #.# #.# #.#.#.# #.# #.#
#.# #...### #.# #.# #.# #..##


You could see a gnoll.

Vanquished Creatures
  A dart slug (D:1)
  5 goblins
  4 hobgoblins
  6 jackals
  5 kobolds
  A quokka (D:2)
  3 bats
  A frilled lizard (D:1)
  4 rats
30 creatures vanquished.

Vanquished Creatures (collateral kills)
  2 worms (D:2)
  A dart slug (D:2)
3 creatures vanquished.

Grand Total: 33 creatures vanquished

Notes
Turn   | Place    | Note
-------+----------+-------------------------------------------
     0 | D:1      | Dumdum the Deep Elf Wizard began the quest for the Orb.
     0 | D:1      | Reached XP level 1. HP: 10/10 MP: 7/7
   369 | D:1      | Reached skill level 5 in Spellcasting
   541 | D:1      | Reached XP level 2. HP: 6/15 MP: 0/10
   720 | D:1      | Learned a level 2 spell: Call Imp
  1381 | D:1      | Learned a level 2 spell: Blink
  1749 | D:2      | Found a runed translucent door.
  1750 | D:2      | Noticed Crazy Yiuf
  1801 | D:2      | Reached XP level 3. HP: 19/19 MP: 8/11
  1806 | D:2      | Learned a level 3 spell: Mephitic Cloud
  2363 | D:2      | Slain by a gnoll

Levels and vault maps discovered:
D:1:      grunt_arrival_lava_bath, layout_basic, minmay_heptomino_o4
D:2:      minmay_skewed_foursquare, layout_loops_ring,
          grunt_temple_overflow_open, uniq_robin, uniq_crazy_yiuf_cottage

Skill      XL: |  1 |
---------------+----+-----
Spellcasting   | 5 |  5.5
Dodging        | |  2.6
Stealth        | |  2.7
Conjurations   | |  1.6
Summonings     | |  1.5
Translocations | |  1.1

Action                   || total
-------------------------++-------
 Cast: Magic Dart        ||   108
       Call Imp          ||    11
       Blink             ||     2
       Mephitic Cloud    ||     1
  Use: Scroll            ||     2
  Eat: Chunk             ||     4
Armor: Robe              ||     8
Dodge: Dodged            ||    31

Table legend:
 A = Non-vault XP
 B = Vault XP
 C = Vault XP percentage of total XP
 D = Non-vault monster count
 E = Vault monster count
 F = Vault count percentage of total count
                 A         B        C        D         E       F
            +---------+---------+-------+---------+---------+-------
      Total |      51 |      11 |  17.7 |      27 |       6 |  18.2
            +---------+---------+-------+---------+---------+-------
        D:1 |      21 |       6 |  22.2 |      13 |       3 |  18.8
        D:2 |      30 |       5 |  14.3 |      14 |       3 |  17.6
            +---------+---------+-------+---------+---------+-------
